 Dungeon Crawl Stone Soup version 0.32-a0-468-g38b2580 (webtiles) character file.

Game seed: 6081032028918979117

8 Dorkslayer the Trooper (level 1, -4/18 HPs)
             Began as a Demigod Fighter on Feb 24, 2024.
             Succumbed to a goblin's poison
             ... on level 1 of the Dungeon.
             The game lasted 00:00:46 (359 turns).

Dorkslayer the Trooper (Demigod Fighter)             Turns: 359, Time: 00:00:46

Health: -4/18      AC:  6    Str: 17    XL:     1   Next: 80%
Magic:  3/3        EV:  9    Int: 10    God:
Gold:   23         SH:  4    Dex: 13    Spells: 0/0 levels left

rFire   . .          .
                       - Unarmed
rCold   . . .        b - +0 buckler
rNeg    . . .        a - +0 scale mail
rPois   .            (no helmet)
rElec   .            (no cloak)
rCorr   .            (no gloves)
SInv    .            (no boots)
Will    .....        (no amulet) Stlth
                     (no ring)
HPRegen 0.23/turn    (no ring)
MPRegen 0.08/turn

%: no passive effects
@: lethally poisoned (-4 -> -26)
A: high MP 1, forlorn, divine attributes
a: no special abilities


You were on level 1 of the Dungeon.
You visited 1 branch of the dungeon, and saw 1 of its levels.

You collected 23 gold pieces.

Inventory:

Armour
 a - a +0 scale mail (worn)
 b - a +0 buckler (worn)
Scrolls
 d - a scroll of immolation {unknown}
Potions
 c - a potion of might


   Skills:
 + Level 2.8 Fighting
 + Level 2.8 Armour
 * Level 0.3 Dodging
 + Level 2.8 Shields
 + Level 1.9 Unarmed Combat


You couldn't memorise any spells.
You didn't know any spells.
Your spell library was empty.

Dungeon Overview and Level Annotations

Branches:
Dungeon (1/15)

Shops:
D:1 ?


Innate Abilities, Weirdness & Mutations

You have an increased reservoir of magic. (+10% MP)
You shall have no god before yourself.
Your divine heritage dramatically boosts your attributes as you level up.


Message History

Found a stone staircase leading down.
You see here a +0 leather armour.
There is a stone staircase leading down here.
A dart slug comes into view.
The dart slug launches a dart at you. The slug dart hits you.
Found 6 gold pieces.
You hit the dart slug.
The dart slug is heavily wounded.
The dart slug barely misses you.
You hit the dart slug.
The dart slug is almost dead.
You hit the dart slug.
You kill the dart slug!
You see here a dart slug corpse.
You now have 23 gold pieces (gained 6).
A goblin comes into view. It is wielding a +1 dagger of venom.
The goblin shouts!
A hobgoblin comes into view.
The hobgoblin shouts!
The goblin hits you with a +1 dagger of venom.
You barely miss the goblin.
The goblin hits you with a +1 dagger of venom.
You are poisoned.
The goblin hits you but does no damage.
You are lethally poisoned!
You barely miss the goblin.
You feel very sick. The goblin barely misses you.
You hit the goblin but do no damage.
You feel very sick. The goblin barely misses you.
You barely miss the goblin.
* * * LOW HITPOINT WARNING * * *
You feel very sick.
The goblin hits you with a +1 dagger of venom.
* * * LOW HITPOINT WARNING * * *
You are more poisoned.
You barely miss the goblin.
You die...

...... .# #.#
##...## ##..###
...#.# ##.##
#..# #.. #.#
#..# #.. #.#
#... #.. #.# #..
#.# #.. #.#
#..#######.#
#..gg@.....#
.......#########
...###. # #. ..
##


You could see a hobgoblin and a goblin.

Vanquished Creatures
  A dart slug (D:1)
  2 endoplasms (D:1)
  A giant cockroach (D:1)
  2 rats (D:1)
6 creatures vanquished.

Notes
Turn   | Place    | Note
-------+----------+-------------------------------------------
     0 | D:1      | Dorkslayer the Demigod Fighter began the quest for the Orb.
     0 | D:1      | Reached XP level 1. HP: 18/18 MP: 3/3
   184 | D:1      | Found Ugagal's Magic Scroll Boutique.
   359 | D:1      | Succumbed to a goblin's poison

Illustrated notes

Levels and vault maps discovered:
D:1:      elethiomel_arrival_quiet, layout_loops_ring, serial_shops, shop,
          hellmonk_ecumenical_altar_arch_garden, serial_bayou_ford_a,
          dreamdust_princess_bridge

Action                     || total
---------------------------++-------
  Melee: Unarmed           ||    39
 Armour: Scale mail        ||    20
  Dodge: Dodged            ||    13
  Block: Buckler           ||     4

Table legend: (Time is in decaauts)
 A = Elapsed time spent in this place.
 B = Non-inter-level travel time spent in this place.
 C = Inter-level travel time spent in this place.
 D = Time resting spent in this place.
 E = Time spent auto-exploring this place.
 F = Levels seen in this place.
 G = Mean time per level.
                   A        B        C        D        E       F      G
               +--------+--------+--------+--------+--------+-----+--------+
         Total |    366 |    366 |      0 |      0 |    208 |   1 |  366.0 |
       Dungeon |    366 |    366 |      0 |      0 |    208 |   1 |  366.0 |
               +--------+--------+--------+--------+--------+-----+--------+

Top non-repeatable levels by time:
     D:1: 366 daAuts
